 Dungeon Crawl Stone Soup version 0.23.0 (webtiles) character file.

Game seed: 16303849073427506951

118154 marthius the Warrior (level 16, -10/157 HPs)
             Began as a Minotaur Fighter on Feb 10, 2019.
             Was the Champion of Makhleb.
             Mangled by an emperor scorpion (37 damage)
             ... on level 4 of the Spider Nest.
             The game lasted 03:00:53 (32243 turns).

marthius the Warrior (Minotaur Fighter)            Turns: 32243, Time: 03:00:56

Health: -10/157    AC: 28    Str: 22 (24) XL:     16   Next: 24%
Magic:  0/22       EV:  9    Int:  2 (5)  God:    Makhleb [******]
Gold:   1327       SH: 12    Dex: 13 (14) Spells: 15/15 levels left

rFire    . . .     SeeInvis .   L - +7 broad axe (elec)
rCold    . . .     Gourm    .   p - +0 shield
rNeg     . . .     Faith    +   D - +4 scale mail {rPois}
rPois    +         Spirit   .   (helmet restricted)
rElec    .         Reflect  .   k - +2 cloak
rCorr    .         Harm     .   R - +2 pair of gloves
MR       +....                  u - +2 pair of boots
Stlth    ..........             d - amulet of faith
HPRegen  0.36/turn              W - ring of Gitof {+Blink +Fly rPois}
MPRegen  0.18/turn              C - +3 ring of protection

@: lethally poisoned (-10 -> -14), berserk cooldown, slowed, very slow
A: retaliatory headbutt, horns 2
a: Minor Destruction, Lesser Servant of Makhleb, Major Destruction, Greater
Servant of Makhleb, Renounce Religion, Evoke Blink, Evoke Flight


You were on level 4 of the Spider Nest.
You worshipped Makhleb.
Makhleb was exalted by your worship.
You were hungry.

You visited 4 branches of the dungeon, and saw 24 of its levels.
You visited the Abyss 1 time.
You visited 1 bazaar.
You also visited: Ice Cave.

You collected 2603 gold pieces.
You spent 1276 gold pieces at shops.

Inventory:

Hand Weapons
 a - a +2 battleaxe
 b - a +4 war axe of flaming
 L - a +7 broad axe of electrocution (weapon)
Missiles
 s - 6 tomahawks of dispersal
 t - 630 stones (quivered)
Armour
 k - a +2 cloak (worn)
 p - a +0 shield (worn)
 u - a +2 pair of boots (worn)
 D - a +4 scale mail of poison resistance (worn)
 P - a scarf of repulsion
 Q - the +0 pair of gloves "Dodud" {Dex+2}
   (You found it on level 3 of the Spider Nest)

   It affects your dexterity (+2).
 R - a +2 pair of gloves (worn)
Jewellery
 d - an amulet of faith (around neck)
 A - an uncursed ring of protection from magic
 C - a +3 ring of protection (right hand)
 J - a +3 ring of evasion
 M - a +4 amulet of reflection {unknown}
 W - the ring of Gitof (left hand) {+Blink +Fly rPois}
   (You found it on level 3 of the Spider Nest)

   [ring of flight]

   It protects you from poison.
   It lets you fly.
   It lets you blink.
Wands
 m - a wand of flame (14)
 n - a wand of polymorph (19)
 E - a wand of paralysis (6)
 F - a wand of digging (7)
 H - a wand of enslavement (13)
 S - a wand of acid (7)
 T - a wand of iceblast (7)
Scrolls
 c - a scroll of summoning {unknown}
 e - 3 scrolls of remove curse
 h - 4 scrolls of magic mapping
 i - a scroll of brand weapon
 q - 2 scrolls of fear
 v - 6 scrolls of teleportation
 y - 5 scrolls of fog
 V - a scroll of torment {unknown}
 X - 2 scrolls of silence {unknown}
Potions
 g - a potion of haste
 l - 4 potions of curing
 o - a potion of lignification
 r - 5 potions of mutation
 w - a potion of ambrosia {unknown}
 x - 2 potions of cancellation
 z - 2 potions of berserk rage
 B - 3 potions of agility
 K - 3 potions of flight
 N - a potion of brilliance
 O - a potion of invisibility
 Y - a potion of resistance {unknown}
Miscellaneous
 U - a phantom mirror
Comestibles
 f - 28 rations


   Skills:
 + Level 17.7 Fighting
 - Level 17.4 Axes
 - Level 15.2 Armour
 + Level 11.2 Shields
 + Level 10.2 Invocations
 - Level 7.7 Evocations


You had 15 spell levels left.
You didn't know any spells.
Your spell library contained the following spells:

 Spells                   Type           Power        Failure   Level  Hunger
 Beastly Appendage        Tmut           #.....       91%         1    ##.....
 Summon Small Mammal      Summ           #...         91%         1    ##.....
 Call Imp                 Summ           #.......     97%         2    ###....
 Ensorcelled Hibernation  Hex/Ice        #.....       97%         2    ###....
 Passwall                 Tmut/Erth      #.......     97%         2    ###....
 Sticks to Snakes         Tmut           #.......     97%         2    ###....
 Swiftness                Chrm/Air       #.......     97%         2    ###....
 Call Canine Familiar     Summ           #.......     99%         3    ####...
 Recall                   Summ/Tloc      N/A          99%         3    ####...
 Spider Form              Tmut/Pois      #.........   99%         3    ####...
 Summon Guardian Golem    Hex/Summ       #.......     99%         3    ####...
 Animate Dead             Necr           N/A          100%        4    #####..
 Ice Form                 Ice/Tmut       #.......     100%        4    #####..
 Passage of Golubria      Tloc           N/A          100%        4    #####..
 Summon Ice Beast         Ice/Summ       #.......     100%        4    #####..
 Summon Lightning Spire   Summ/Air       #.......     100%        4    #####..
 Blade Hands              Tmut           #.........   100%        5    ######.
 Borgnjor's Vile Clutch   Necr/Erth      #.........   100%        5    ######.
 Irradiate                Conj/Tmut      #.........   100%        5    ######.
 Lee's Rapid Deconstruct  Erth           #.........   100%        5    ######.
 Silence                  Hex/Air        #.........   100%        5    ######.
 Darkness                 Hex            #.........   100%        6    #######
 Death Channel            Necr           #.........   100%        6    #######
 Hydra Form               Tmut           #.........   100%        6    #######
 Invisibility             Hex            #.......     100%        6    #######
 Shadow Creatures         Summ           N/A          100%        6    #######
 Simulacrum               Ice/Necr       #.........   100%        6    #######
 Statue Form              Tmut/Erth      #........    100%        6    #######
 Dragon Form              Tmut           #.........   100%        7    #######


Dungeon Overview and Level Annotations

Branches:
Dungeon (12/15)            Temple (0/1) D:6            Lair (6/6) D:8
  Swamp (0/4) Lair:3       Spider (4/4) Lair:2        Slime (0/5) Lair:6
    Orc (2/2) D:9             Elf (0/3) Orc:2

Altars:
Cheibriados
Makhleb
Sif Muna
Xom
Beogh
Lugonu

Shops:
D:12 *   Orc:2 [=(*

Annotations:
D:6 1 runed translucent door, dengdeng's ghost, novice MiBe
D:8 exclusions: two-headed ogre and 2 more exclusions
D:11 exclusion: orange crystal statue
Lair:2 Asterion
Spider:1 exclusion: Roxanne, Roxanne


Innate Abilities, Weirdness & Mutations

You reflexively headbutt those who attack you in melee.
You have a pair of horns on your head.


Message History

The emperor scorpion stings you but does no damage.
The emperor scorpion claws you but does no damage. x2
Something hits you but does no damage. x2; Something stings you.
* * * LOW HITPOINT WARNING * * *
You can move again.
Okay, then.
You feel much better.
You feel sick.
The moth of wrath goads the hornet on!
The hornet goes berserk!
The emperor scorpion stings you!
* * * LOW HITPOINT WARNING * * *
You block the emperor scorpion's attack.
The emperor scorpion claws you but does no damage.
You feel you are being watched by something.
Something hits you.
* * * LOW HITPOINT WARNING * * *
Something hits you.
* * * LOW HITPOINT WARNING * * *
Something stings you but does no damage.
The moth of wrath goads the emperor scorpion on!
The emperor scorpion goes berserk!
The emperor scorpion stings you!!!
You die...

.≈≈# #^...^≈≈# ...≈
#...†≈## ≈...###
##≈≈..≈# .≈.^≈#
###≈.≈# #≈.≈###
##..# #≈.≈##. ##.##
###^≈##^. ####≈.#
##≈...##...##y.≈.^##
##≈...≈# #y†ss@...#
#†...≈## #'†s##≈.≈#
......##
...#####..≈#
...≈..≈##... #≈.≈###
..##..≈##.. #..^#
#≈##≈..##+# ##^.#
##≈≈.≈## ###≈^.#
##...≈# ##≈...##
#..≈.#### #^...≈#


You could see 3 emperor scorpions, a moth of wrath and a hornet (berserk).

Vanquished Creatures
  2 tentacled starspawn
  An orc warlord (Orc:2)
  An emperor scorpion (Spider:1)
  2 ghost moths (Spider:4)
  The ghost of DungeonDestroyer the Tortoise, a journeyman MiFi of the Shining One (Spider:3)
  The ghost of HoaS the Brawler, a journeyman GrBe of Trog (Orc:2)
  2 entropy weavers
  An ettin (Orc:2)
  5 hydras
  7 dancing weapons (Spider:1)
  A merfolk avatar (Lair:6)
  A two-headed ogre (Orc:2)
  2 death yaks (Lair:3)
  3 orc high priests (Orc:2)
  7 thrashing horrors
  An unseen horror (D:10)
  A sea snake (Lair:6)
  An obsidian statue (D:11)
  3 orc knights
  14 orb spiders
  An ugly thing (IceCv)
  A deep elf mage (D:12)
  21 wolf spiders
  An orc sorcerer (Orc:2)
  A manticore (Lair:6)
  3 cyclopes (D:12)
  4 slime creatures (D:11)
  2 centaur zombies
  Joseph (Lair:1)
  4 elephants
  An apocalypse crab (Abyss:4)
  A rust devil (Spider:3)
  A torpor snail (Lair:6)
  A large abomination (Abyss:4)
  10 spiny frogs
  6 black mambas
  An orange demon (Spider:3)
  5 rime drakes
  An ancient zyme (Abyss:3)
  9 komodo dragons
  9 demonic crawlers
  10 trolls
  17 jumping spiders
  A polar bear (Lair:6)
  12 hornets
  7 dream sheep (Lair:4)
  12 blink frogs
  11 hippogriffs
  A flying skull (Abyss:3)
  4 wyverns
  51 redbacks
  38 tarantellas
  28 yaks
  4 hogs (D:9)
  A human (D:9)
  A basilisk (Lair:1)
  3 hungry ghosts
  2 wargs (Orc:2)
  4 small abominations
  Duvessa (D:5)
  9 porcupines
  10 water moccasins
  38 orc warriors
  8 ice beasts
  4 black bears
  3 starcursed masses (Abyss:4)
  4 sky beasts
  7 wolves
  A necrophage (D:11)
  5 ogres
  13 centaurs
  8 crocodiles
  A big kobold (D:12)
  13 bullfrogs
  An earth elemental (Abyss:3)
  Dowan (D:5)
  A wyvern skeleton (D:9)
  4 scorpions
  6 killer bees (D:9)
  5 wights (D:10)
  2 electric eels
  A howler monkey (D:6)
  6 crimson imps
  2 hounds
  3 bullfrog skeletons
  5 jellies
  17 orc priests
  A gnoll shaman (D:7)
  4 iguanas
  26 orc wizards
  7 worker ants
  2 hound zombies
  2 hound skeletons (D:5)
  A worker ant zombie (D:11)
  8 gnolls
  7 adders
  2 shadow imps
  An ooze (D:5)
  An adder zombie (D:8)
  An adder skeleton (D:5)
  4 worms
  3 dart slugs
  2 leopard geckos
  77 orcs
  6 bats
  4 giant cockroaches
  8 goblins
  4 hobgoblins
  10 jackals
  4 quokkas
  2 ball pythons (D:3)
  3 frilled lizards
  A giant cockroach zombie (D:5)
  17 kobolds
  2 leopard gecko skeletons (D:5)
  A quokka skeleton (D:5)
  3 rats
  A butterfly (Lair:2)
  5 fungi
  6 plants
753 creatures vanquished.

Vanquished Creatures (collateral kills)
  An entropy weaver (Spider:1)
  Harold (D:10)
  Fannar (Lair:1)
  A hydra (Lair:3)
  Erica (Lair:1)
  An orc high priest (Orc:2)
  A fire crab (Lair:4)
  An orc knight (Orc:2)
  An orc sorcerer (Orc:2)
  An orb spider (Spider:2)
  A wolf spider (Spider:3)
  A black mamba (Lair:6)
  An elephant (Lair:5)
  2 rime drakes
  A demonic crawler (Spider:3)
  2 komodo dragons
  A troll (Orc:2)
  2 jumping spiders
  3 hornets
  A hippogriff (Lair:1)
  11 dream sheep (Lair:4)
  5 blink frogs
  3 redbacks
  A tarantella (Abyss:3)
  A wyvern (Lair:6)
  4 yaks
  A warg (Orc:2)
  5 orc warriors
  2 water moccasins
  An ogre (Orc:2)
  4 wolves
  2 centaurs (D:12)
  A crocodile (Lair:6)
  A bullfrog (Lair:1)
  An orc priest (D:9)
  8 orcs
  A kobold (D:12)
  A butterfly (Lair:2)
  A fungus (Lair:4)
79 creatures vanquished.

Vanquished Creatures (others)
  A crocodile (Lair:4)
  20 fungi
  A lurking horror (Abyss:3)
  9 plants
  7 starspawn tentacles (Abyss:4)
38 creatures vanquished.

Grand Total: 870 creatures vanquished

Notes
Turn   | Place    | Note
-------+----------+-------------------------------------------
     0 | D:1      | marthius the Minotaur Fighter began the quest for the Orb.
     0 | D:1      | Reached XP level 1. HP: 19/19 MP: 0/0
   147 | D:1      | Reached XP level 2. HP: 27/27 MP: 1/1
   542 | D:2      | Found a shimmering altar of Xom.
   542 | D:2      | Found a burning altar of Makhleb.
   551 | D:2      | Became a worshipper of Makhleb the Destroyer
   922 | D:2      | Reached XP level 3. HP: 33/33 MP: 2/2
  1460 | D:3      | Noticed an orc warrior
  1546 | D:3      | Killed an orc warrior
  1546 | D:3      | Reached XP level 4. HP: 25/41 MP: 3/3
  1546 | D:3      | Reached XP level 5. HP: 29/47 MP: 4/4
  1548 | D:3      | Reached skill level 5 in Fighting
  1548 | D:3      | Reached skill level 5 in Armour
  1988 | D:3      | Reached * piety under Makhleb
  2275 | D:3      | Noticed a phantom
  2437 | D:4      | Reached XP level 6. HP: 56/56 MP: 5/5
  2587 | D:4      | Reached skill level 5 in Axes
  3032 | D:4      | Reached XP level 7. HP: 64/64 MP: 6/6
  3257 | D:5      | Entered Level 5 of the Dungeon
  3741 | D:4      | Reached ** piety under Makhleb
  3879 | D:5      | Noticed Duvessa
  3887 | D:5      | Noticed Dowan
  3894 | D:5      | Killed Duvessa
  3898 | D:5      | Killed Dowan
  4011 | D:5      | Reached XP level 8. HP: 73/73 MP: 7/7
  4910 | D:6      | Found a staircase to the Ecumenical Temple.
  4963 | D:6      | Found a deep blue altar of Sif Muna.
  4963 | D:6      | Found a snail-covered altar of Cheibriados.
  4974 | D:6      | Found a runed translucent door.
  4974 | D:6      | Noticed dengdeng's ghost (novice MiBe)
  5426 | D:7      | Reached skill level 1 in Invocations
  5988 | D:7      | Reached XP level 9. HP: 82/82 MP: 9/9
  6098 | D:7      | Reached *** piety under Makhleb
  6503 | D:8      | Noticed a two-headed ogre
  7070 | D:8      | Found a staircase to the Lair.
  7509 | D:9      | Noticed a troll
  7528 | D:9      | Killed a troll
  7528 | D:9      | Reached skill level 10 in Fighting
  7787 | D:9      | Reached skill level 10 in Armour
  7799 | D:9      | Reached XP level 10. HP: 93/93 MP: 12/12
  8318 | D:9      | Reached **** piety under Makhleb
  8350 | D:9      | Reached skill level 5 in Invocations
  8577 | D:9      | Reached skill level 10 in Axes
  8758 | D:9      | Found a roughly hewn altar of Beogh.
  8834 | D:10     | Entered Level 10 of the Dungeon
  8834 | D:10     | Noticed Harold
  9334 | D:9      | Found a staircase to the Orcish Mines.
  9987 | D:10     | Killed an unseen horror
  9994 | D:10     | Killed Harold
  9994 | D:10     | Reached XP level 11. HP: 28/102 MP: 14/14
 10701 | Lair:1   | Entered Level 1 of the Lair of Beasts
 10714 | Lair:1   | Noticed Joseph
 10733 | Lair:1   | Killed Joseph
 11251 | Lair:1   | Noticed Fannar
 11277 | Lair:1   | Killed Fannar
 11441 | Lair:1   | Noticed Erica
 11448 | Lair:1   | Killed Erica
 12389 | Lair:2   | Reached skill level 1 in Evocations
 12389 | Lair:2   | Reached ***** piety under Makhleb
 12421 | Lair:2   | Found a hole to the Spider Nest.
 13148 | Lair:2   | You fall through a shaft for 2 floors!
 13269 | Lair:4   | Reached XP level 12. HP: 58/115 MP: 15/15
 13579 | Lair:3   | Found a staircase to the Swamp.
 13614 | Lair:3   | Noticed a four-headed hydra
 13622 | Lair:3   | Killed a one-headed hydra
 14300 | Lair:3   | Noticed a four-headed hydra
 14300 | Lair:3   | Noticed a death yak
 14300 | Lair:3   | Noticed a six-headed hydra
 14306 | Lair:3   | Killed a one-headed hydra
 14317 | Lair:3   | Killed a death yak
 14324 | Lair:3   | Killed a four-headed hydra
 14513 | Lair:3   | Noticed a six-headed hydra
 14523 | Lair:3   | Killed a three-headed hydra
 14569 | Lair:3   | Noticed a death yak
 14580 | Lair:3   | Killed a death yak
 15309 | Lair:4   | Reached skill level 5 in Evocations
 16045 | Lair:5   | Reached XP level 13. HP: 62/124 MP: 16/16
 17809 | Lair:6   | Entered Level 6 of the Lair of Beasts
 19542 | Lair:6   | Reached skill level 15 in Fighting
 19589 | Lair:6   | Reached skill level 15 in Armour
 19879 | Lair:6   | Found a staircase to the Slime Pits.
 20324 | D:11     | Got a crystal flail
 21248 | D:11     | Reached skill level 15 in Axes
 21585 | D:12     | Paralysed by fainting for 8 turns
 21606 | D:12     | Found a shimmering altar of Xom.
 21606 | D:12     | Found Cyhokon's General Store.
 21611 | D:12     | Bought a scroll of fear for 45 gold pieces
 21611 | D:12     | Bought a potion of berserk rage for 65 gold pieces
 21644 | D:12     | Found a flickering gateway to a bazaar.
 21653 | Bazaar   | Entered a bazaar
 21653 | Bazaar   | Found Fyshuock's Gadget Boutique.
 21653 | Bazaar   | Found Geuv Bad's Distillery.
 21653 | Bazaar   | Found Ucveff's Antique Weapon Boutique.
 21653 | Bazaar   | Found Eqoddeyf's Magic Scroll Shop.
 21653 | Bazaar   | Found Reagak's Distillery.
 21686 | Bazaar   | Bought a glowing broad axe for 196 gold pieces
 21694 | Bazaar   | Bought a scroll of identify for 26 gold pieces
 21694 | Bazaar   | Bought a scroll of identify for 26 gold pieces
 21694 | Bazaar   | Bought a scroll of identify for 26 gold pieces
 21694 | Bazaar   | Bought a scroll of identify for 26 gold pieces
 21698 | Bazaar   | Bought a potion of curing for 24 gold pieces
 21698 | Bazaar   | Bought a potion of curing for 24 gold pieces
 21698 | Bazaar   | Bought a potion of might for 32 gold pieces
 21698 | Bazaar   | Bought a potion of might for 32 gold pieces
 21698 | Bazaar   | Bought a potion of haste for 80 gold pieces
 21698 | Bazaar   | Bought a potion of curing for 24 gold pieces
 21700 | Bazaar   | Bought a potion of agility for 32 gold pieces
 21700 | Bazaar   | Bought a potion of agility for 32 gold pieces
 21700 | Bazaar   | Bought a potion of heal wounds for 40 gold pieces
 21952 | D:11     | Reached XP level 14. HP: 117/135 MP: 18/18
 22396 | D:12     | Found a corrupted altar of Lugonu.
 23160 | Orc:1    | Entered Level 1 of the Orcish Mines
 23199 | Orc:1    | Found a frozen archway.
 23300 | Orc:1    | Reached skill level 5 in Shields
 23305 | IceCv    | Entered an ice cave
 23675 | Orc:1    | Found a roughly hewn altar of Beogh.
 24007 | Orc:2    | Entered Level 2 of the Orcish Mines
 24007 | Orc:2    | Found a large runed translucent door.
 24007 | Orc:2    | Found a large runed translucent door.
 24042 | Orc:2    | Found Lynug's Antique Weapon Boutique.
 24071 | Orc:2    | Noticed HoaS's ghost (journeyman GrBe)
 24121 | Orc:2    | Killed HoaS's ghost
 24307 | Orc:2    | Found Zereh's General Store.
 24424 | Orc:2    | Found a staircase to the Elven Halls.
 24580 | Orc:2    | Paralysed by an orc sorcerer for 6 turns
 24954 | Orc:2    | Noticed an orc warlord
 24967 | Orc:2    | Killed an orc warlord
 24995 | Orc:2    | Found Ocliapsa's Antique Armour Boutique.
 25382 | Orc:2    | Found Oshuceb's Jewellery Emporium.
 25391 | Orc:2    | Bought a +3 ring of protection for 273 gold pieces
 25391 | Orc:2    | Bought a +3 ring of evasion for 273 gold pieces
 25745 | Spider:1 | Entered Level 1 of the Spider Nest
 25745 | Spider:1 | Identified Roxanne's Handbook of Transformation
 25745 | Spider:1 | Noticed Roxanne
 25777 | Spider:1 | Noticed Asterion
 26657 | Spider:1 | Noticed an entropy weaver
 26698 | Spider:1 | Killed an entropy weaver
 27096 | Spider:1 | Noticed an emperor scorpion
 27113 | Spider:1 | Killed an emperor scorpion
 27388 | Spider:1 | Found a runed translucent door.
 27518 | Spider:1 | Reached XP level 15. HP: 133/145 MP: 19/19
 28431 | Spider:2 | Reached ****** piety under Makhleb
 30009 | Spider:3 | Found a runed translucent gate.
 30010 | Spider:3 | Found a runed translucent gate.
 30011 | Spider:3 | Found a runed translucent gate.
 30012 | Spider:3 | Noticed DungeonDestroyer's ghost (journeyman MiFi)
 30034 | Spider:3 | Cast into level 3 of the Abyss (the power of Zot)
 30112 | Abyss:3  | Noticed a tentacled starspawn
 30126 | Abyss:3  | Noticed a lich
 30140 | Abyss:3  | Killed a tentacled starspawn
 30186 | Abyss:3  | Reached skill level 10 in Shields
 30194 | Abyss:4  | Found a transporter.
 30194 | Abyss:4  | Found a corrupted altar of Lugonu.
 30194 | Abyss:4  | Found a transporter.
 30194 | Abyss:4  | Noticed a purple draconian scorcher
 30195 | Abyss:4  | Noticed a tentacled monstrosity
 30195 | Abyss:4  | Noticed a tentacled starspawn
 30195 | Abyss:4  | Noticed a tentacled starspawn
 30195 | Abyss:4  | Noticed a tentacled monstrosity
 30195 | Abyss:4  | Noticed a tentacled starspawn
 30270 | Abyss:4  | Noticed a tentacled starspawn
 30294 | Abyss:4  | Paralysed by accursed screaming for 1 turns
 30298 | Abyss:4  | Killed a tentacled starspawn
 30311 | Spider:3 | Escaped the Abyss
 30409 | Spider:3 | Killed DungeonDestroyer's ghost
 30575 | Spider:3 | Got a pair of jewelled gloves
 30577 | Spider:3 | Got a scorched granite ring
 30601 | Spider:3 | Identified the cursed +0 pair of gloves "Dodud" {Dex+2}
                  | (You found it on level 3 of the Spider Nest)
 30869 | Spider:4 | Entered Level 4 of the Spider Nest
 31006 | Spider:4 | Reached XP level 16. HP: 155/155 MP: 22/22
 31019 | Spider:4 | Identified the ring of Gitof {+Blink +Fly rPois} (You found
                  | it on level 3 of the Spider Nest)
 31501 | Spider:4 | Reached skill level 10 in Invocations
 32243 | Spider:4 | Mangled by an emperor scorpion

Skill      XL: |  1  2  3  4  5  6  7  8  9 10 11 12 13 14 15 16 |
---------------+-------------------------------------------------+-----
Fighting       | 4 5 6 7 8 10 11 13 14 15 16 17 | 17.7
Axes           | 3 4 5 6 8 9 11 12 13 15 16 17 | 17.4
Armour         | 4 5 6 7 8 10 11 12 14 15 | 15.2
Invocations    | 2 4 5 7 9 10 | 10.2
Evocations     | 2 5 7 |  7.7
Shields        | 4 8 10 11 | 11.2

Action                   |  1- 3 |  4- 6 |  7- 9 | 10-12 | 13-15 | 16-18 || total
-------------------------+-------+-------+-------+-------+-------+-------++-------
Melee: War axe           |    77 |   106 |   374 |    82 |    14 |       ||   653
       Headbutt          |    16 |    16 |    66 |   106 |   302 |    36 ||   542
       Battleaxe         |       |       |       |   420 |   332 |       ||   752
       Broad axe         |       |       |       |       |   841 |   133 ||   974
Throw: Stone             |     4 |    54 |    85 |    51 |    50 |       ||   244
Invok: Lesser Servant of |       |       |       |    26 |    50 |     3 ||    79
       Greater Servant o |       |       |       |       |     3 |       ||     3
 Abil: Evoke Flight      |       |       |       |       |     1 |       ||     1
Evoke: Wand              |       |       |     3 |       |    19 |     4 ||    26
  Use: Potion            |     1 |     1 |     4 |     7 |    19 |     4 ||    36
       Scroll            |       |     6 |     6 |    14 |    29 |     1 ||    56
 Stab: Distracted        |       |       |       |     2 |     9 |       ||    11
       Invisible         |       |       |       |       |     2 |       ||     2
       Paralysed         |       |       |       |       |     8 |     2 ||    10
  Eat: Chunk             |     2 |     5 |     7 |    21 |    13 |       ||    48
       Ration            |       |       |     3 |     2 |    11 |     1 ||    17
Armor: Scale mail        |     6 |       |   129 |   258 |   744 |   140 ||  1277
       Chain mail        |    25 |    81 |    82 |       |       |       ||   188
       Skin              |       |       |       |    80 |       |       ||    80
Dodge: Dodged            |     8 |    23 |    89 |   254 |   545 |    52 ||   971
Block: Shield            |    32 |    56 |   172 |    20 |   503 |    90 ||   873
